 Dungeon Crawl Stone Soup version 0.30.0-30-g96aa6591b8 (webtiles) character file.

Game seed: 1092279261296126127

14 Chiseanne the Sneak (level 2, 0/31 HPs)
             Began as an Octopode Delver on June 27, 2023.
             Slain by a hobgoblin zombie (1 damage)
             ... in an ossuary.
             The game lasted 00:02:23 (359 turns).

Chiseanne the Sneak (Octopode Delver)                Turns: 359, Time: 00:02:23

Health: 0/31       AC: 21    Str: 10    XL:     2   Next: 45%
Magic:  2/2        EV:  2    Int: 11    God:
Gold:   36         SH:  0    Dex: 17    Spells: 1/1 levels left

rFire   . . .        a - +0 short sword
rCold   . . .        (no shield)
rNeg    . . .        (helmet currently unavailable)
rPois   +            (no amulet)
rElec   .            (no ring)
rCorr   .            (no ring)
SInv    .            (no ring)
Will    .....        (no ring)
Stlth   ++++         (no ring)
HPRegen 0.25/turn    (no ring)
MPRegen 0.08/turn    (no ring)
                     (no ring)

%: no passive effects
@: tree-form
A: stationary, stasis, torment immunity, boosted hp, almost no armour,
(amphibious), 8 rings, (camouflage 1), (gelatinous body 1), (nimble swimmer 1),
(tentacles), agile 1, sense surroundings 1
a: no special abilities


You were in an ossuary.
You were a tree.
You visited 1 branch of the dungeon, and saw 3 of its levels.
You also visited: Ossuary.

You collected 36 gold pieces.

Inventory:

Hand Weapons
 a - a +0 short sword (weapon)
Missiles
 m - 5 stones (quivered)
 n - 4 datura-tipped darts
Magical Staves
 h - a staff of death
Wands
 f - a wand of digging (3)
 g - a wand of roots (7)
Scrolls
 b - a scroll of fog
 c - a scroll of magic mapping
 d - a scroll of fear
 j - a scroll of teleportation {unknown}
 l - a scroll of enchant armour {unknown}
 o - 3 scrolls of amnesia {unknown}
Potions
 e - a potion of haste
 i - a potion of lignification


   Skills:
 * Level 3.2 Fighting
 - Level 2.0 Short Blades
 * Level 2.3 Dodging
 * Level 6.9 Stealth


You had one spell level left.
You didn't know any spells.
Your spell library was empty.

Dungeon Overview and Level Annotations

Branches:
Dungeon (5/15)            Ossuary (1/1)
 Temple: D:4-7

Altars:


Innate Abilities, Weirdness & Mutations

You are a tree.
Your roots penetrate the ground, keeping you stationary.
You cannot be teleported.
You are immune to unholy pain and torment.
Your maximum health is greatly increased.
You cannot wear most types of armour.
((You are amphibious.))
You can wear up to eight rings at the same time.
((Your skin changes colour to match your surroundings (Stealth+).))
((Your rubbery body absorbs attacks. (AC +1, EV +1)))
((You are camouflaged when in or above water. (Stealth+)))
((You have tentacles for arms and can constrict up to eight enemies at once.))
You are agile. (Dex +4, Str/Int -1)
You passively map a small area around you.


Message History

You hit the human zombie. You grab the human zombie.
You squeeze the human zombie, but do no damage.
The human zombie is moderately damaged.
You constrict the human zombie. The human zombie misses you.
The jackal zombie misses you. The adder zombie misses you.
You hit the human zombie.
The human zombie is moderately damaged.
You constrict the human zombie. The jackal zombie closely misses you.
The jackal zombie misses you. The human zombie hits you!
The adder zombie bites you. The human zombie hits you.
* * * LOW HITPOINT WARNING * * *
It was a potion of lignification.
You turn into a tree.
Your roots penetrate the ground.
You lose your grip on the human zombie.
The jackal zombie bites you but does no damage. x2
The adder zombie bites you but does no damage.
The human zombie completely misses you.
The human zombie hits you but does no damage.
The hobgoblin zombie hits you but does no damage.
It was a potion of mutation.
You feel extremely strange.
You feel a strange attunement to the structure of the dungeons.
You feel agile.
The jackal zombie bites you but does no damage. x2
The adder zombie bites you but does no damage.
The human zombie hits you but does no damage.
The jackal zombie bites you but does no damage. x2
You barely miss the human zombie.
The human zombie is moderately damaged.
The adder zombie bites you.
* * * LOW HITPOINT WARNING * * *
The human zombie hits you but does no damage.
The hobgoblin zombie hits you but does no damage.
The jackal zombie bites you but does no damage. x2
You hit the human zombie.
The human zombie is heavily damaged.
The adder zombie bites you but does no damage.
The human zombie hits you.
* * * LOW HITPOINT WARNING * * *
The human zombie hits you but does no damage.
The hobgoblin zombie hits you.
You die...

*
...............
*
...............
, ,
...............
...............*
, ,
...............
,
...............
*
......ZZZ......,
* ,
,..Z...Z♣Z...Z..
, *
.......ZZ......
...............
,...............
, ,
...............
,*
....Z..........
...............
,
...............
* * ,


You could see an adder zombie, a rat zombie, 3 jackal zombies, a goblin zombie
(dormant), 2 hobgoblin zombies and 2 human zombies.

Vanquished Creatures
  An adder (D:4)
  A hobgoblin (D:4)
  2 kobolds (D:4)
  A ball python (D:4)
  An orc zombie (Ossuary)
  A rat zombie (Ossuary)
7 creatures vanquished.

Notes
Turn   | Place    | Note
-------+----------+-------------------------------------------
     0 | D:5      | Chiseanne the Octopode Delver began the quest for the Orb.
     0 | D:5      | Reached XP level 1. HP: 16/16 MP: 1/1
   281 | D:4      | Reached XP level 2. HP: 21/21 MP: 2/2
   339 | D:5      | Found a sand-covered staircase.
   344 | Ossuary  | Entered an ossuary
   357 | Ossuary  | Gained mutation: You passively map a small area around you.
                  | [potion of mutation]
   357 | Ossuary  | Gained mutation: You are agile. (Dex +4, Str/Int -1)
                  | [potion of mutation]
   359 | Ossuary  | HP: 1/31 [human zombie (2)]
   359 | Ossuary  | Slain by a hobgoblin zombie

Illustrated notes

Levels and vault maps discovered:
D:3:      layout_basic
D:4:      layout_basic, hangedman_decor_points
D:5:      layout_loops_ring, grunt_temple_overflow_open, enter_ossuary_2,
          serial_aquarium, aquarium_bridge_island_small
          [aquarium_subvault_small_open, aquarium_subvault_wall,
          aquarium_subvault_window, aquarium_subvault_window,
          aquarium_subvault_bridge], aquarium_window_corner,
          aquarium_window_fake, aquarium_window_corridor_1, aquarium_window_1,
          aquarium_view_2e, aquarium_balcony_5b, aquarium_pool_corner,
          supply_closet_lemuel, corexii_item_surrounded_by_moat
Ossuary:  ossuary_minmay_tomb_2a

Action                     || total
---------------------------++-------
  Melee: Short sword       ||    14
         Tentacles         ||     5
         Constrict         ||     4
    Use: Potion            ||     2
   Stab: Sleeping          ||     4
 Armour: Skin              ||    18
  Dodge: Dodged            ||    11
